 Dungeon Crawl Stone Soup version 0.29.1-2-gbd0b4ee654 (webtiles) character file.

Game seed: 4067679547526065545

13905 Haldmier the Basher (level 11, -6/93 HPs)
             Began as a Demigod Artificer on Nov 29, 2022.
             Killed from afar by a raiju (21 damage)
             ... with a living lightning
             ... on level 3 of the Abyss.
             The game lasted 01:06:21 (18391 turns).

Haldmier the Basher (Demigod Artificer)            Turns: 18391, Time: 01:06:21

Health: -6/93      AC: 18    Str: 30    XL:     11   Next: 52%
Magic:  17/17      EV: 16    Int: 13    God:
Gold:   683        SH:  0    Dex: 24    Spells: 12/14 levels left

rFire   + . .      SeeInvis .   A - +2 mace (venom)
rCold   . . .      Faith    .   (no shield)
rNeg    . . .      Spirit   .   K - +2 scale mail {rF+}
rPois   .          Reflect  .   q - +0 helmet
rElec   .          Harm     .   u - +0 cloak
rCorr   .          Rampage  .   T - +2 pair of gloves {Str+3}
Will    +....                   W - +1 pair of boots
Stlth   +.........              G - amulet of magic regeneration
HPRegen 0.25/turn               s - +6 ring of strength
MPRegen 0.55/turn               L - +6 ring of dexterity

@: no status effects
A: high MP 1, forlorn, divine attributes
a: no special abilities


You were on level 3 of the Abyss.
You visited 3 branches of the dungeon, and saw 11 of its levels.
You visited the Abyss 1 time.
You also visited: Sewer, Bailey and Volcano.

You collected 683 gold pieces.

Inventory:

Hand Weapons
 a - a +0 flail
 k - a +2 arbalest of flaming
 l - a +0 sling
 A - a +2 mace of venom (weapon)
Missiles
 b - 3 curare-tipped darts
 t - 30 poisoned darts (quivered)
 w - 72 stones
 y - 2 boomerangs
 S - 2 javelins
Armour
 q - a +0 helmet (worn)
 u - a +0 cloak (worn)
 E - a +0 plate armour
 K - a +2 scale mail of fire resistance (worn)
 N - the +0 chain mail of the Pink Corner {rN+}
   (You found it in a bailey)

   rN:        It protects you from negative energy.
 T - a +2 pair of gloves of strength (worn)
 W - a +1 pair of boots (worn)
 Y - the +3 ring mail of Impermeability {rElec rC+ rCorr Dex+4}
   (You found it on level 1 of the Lair of Beasts)

   Dex:       It affects your dexterity (+4).
   rC:        It protects you from cold.
   rElec:     It insulates you from electricity.
   rCorr:     It protects you from acid and corrosion.
Magical Staves
 i - a staff of fire
Jewellery
 s - a +6 ring of strength (left hand)
 G - an amulet of magic regeneration (around neck)
 L - a +6 ring of dexterity (right hand)
Wands
 d - a wand of charming (11)
 v - a wand of quicksilver (5)
 B - a wand of roots (8)
 H - a wand of digging (6)
 M - a wand of paralysis (4)
 P - a wand of polymorph (2)
 Q - a wand of flame (14)
Scrolls
 h - 2 scrolls of blinking
 j - a scroll of teleportation
 m - 2 scrolls of fog
 n - 4 scrolls of enchant armour
 o - 2 scrolls of amnesia
 D - a scroll of enchant weapon {unknown}
 F - 2 scrolls of vulnerability
 I - a scroll of torment
 O - a scroll of summoning {unknown}
 R - a scroll of poison {unknown}
 X - 2 scrolls of immolation {unknown}
Potions
 c - a potion of invisibility
 e - a potion of might {unknown}
 f - 4 potions of heal wounds
 g - 4 potions of brilliance
 p - 2 potions of resistance
 r - 4 potions of lignification
 x - 3 potions of haste
 z - 3 potions of curing
 C - a potion of flight
 U - a potion of cancellation
Miscellaneous
 V - a phantom mirror


   Skills:
 + Level 7.7 Fighting
 + Level 11.0 Maces & Flails
 + Level 7.7 Armour
 + Level 6.7 Dodging
 - Level 0.8 Stealth
 - Level 2.0 Spellcasting
 - Level 5.0 Translocations
 - Level 2.6 Evocations


You had 12 spell levels left.
You knew the following spells:

 Your Spells              Type           Power      Damage    Failure   Level
a - Blink                 Tloc           28%        N/A       10%         2

Your spell library contained the following spells:

 Spells                   Type           Power      Damage    Failure   Level
 Gell's Gravitas          Tloc           14%        N/A       19%         3
 Lesser Beckoning         Tloc           14%        N/A       19%         3
 Teleport Other           Tloc           14%        N/A       19%         3
 Portal Projectile        Hex/Tloc       14%        N/A       45%         3
 Ensorcelled Hibernation  Hex/Ice        2%         N/A       58%         2
 Passwall                 Tmut/Erth      0%         N/A       58%         2
 Poisonous Vapours        Pois/Air       2%         N/A       58%         2
 Call Canine Familiar     Summ           1%         N/A       82%         3
 Ignite Poison            Fire/Tmut/Pois 1%         N/A       82%         3
 Mephitic Cloud           Conj/Pois/Air  1%         N/A       82%         3
 Summon Guardian Golem    Hex/Summ       1%         N/A       82%         3
 Swiftness                Air            1%         N/A       82%         3
 Manifold Assault         Tloc           14%        N/A       86%         5
 Corpse Rot               Necr/Pois/Air  1%         N/A       99%         4
 Leda's Liquefaction      Hex/Erth       0%         N/A       99%         4
 Summon Lightning Spire   Summ/Air       1%         N/A       99%         4
 Freezing Cloud           Conj/Ice/Air   0%         6-21      100%        5
 Orb of Destruction       Conj           0%         9d5       100%        7
 Spellforged Servitor     Conj/Summ      0%         N/A       100%        7
 Storm Form               Tmut/Air       0%         N/A       100%        7
 Maxwell's Capacitive Co  Air            0%         ∞         100%        8


Dungeon Overview and Level Annotations

Branches:
Dungeon (8/15)             Temple (1/1) D:4            Lair (2/5) D:8
 Shoals (0/4) Lair:2        Sewer (visited)          Bailey (visited)
Volcano (visited)
  Snake: Lair:2-3    Spider: Lair:2-3

Shops:
D:4 (

Annotations:
Lair:1 3 runed translucent doors, zurenarrh's ghost, novice MiFi


Innate Abilities, Weirdness & Mutations

You have an increased reservoir of magic. (+10% MP)
You shall have no god before yourself.
Your divine heritage dramatically boosts your attributes as you level up.


Message History

You detect the abyssal rune!
You start resting.
A tentacled starspawn comes into view.
Found a corrupted altar of Lugonu.
A tentacle flies out from the starspawn's body!
A starspawn tentacle comes into view.
A starspawn tentacle comes into view. 2 raiju come into view.
The raiju barks!
You hear a bark!
The starspawn tentacle misses you. The starspawn tentacle grabs you.
The starspawn tentacle constricts you.
You escape the starspawn tentacle's grasp.
The starspawn tentacle closely misses you.
The starspawn tentacle grabs you. The starspawn tentacle constricts you.
You escape the starspawn tentacle's grasp.
A starspawn tentacle segment comes into view.
The starspawn tentacle grabs you. The starspawn tentacle constricts you.
* * * LOW HITPOINT WARNING * * *
2 starspawn tentacle segments come into view.
The starspawn tentacle's grasp on you weakens, but your attempt to escape fails.
The tentacle pulls you backwards!
The starspawn tentacle loses its grip on you.
The tentacle pulls you backwards! The starspawn tentacle grabs you.
The starspawn tentacle constricts you.
You escape the starspawn tentacle's grasp.
A raiju comes into view. x2
The starspawn tentacle completely misses you.
The raiju barks!
The tentacled starspawn attacks as you move away!
The tentacled starspawn bites you but does no damage.
The tentacled starspawn tentacle-slaps you but does no damage.
A tentacle flies out from the starspawn's body!
A starspawn tentacle comes into view.
Press: ? - help, . - travel You can't see that place. [an empty arch of ancient stone.]
Found three runelights.
The raiju bursts into living lightning!
The living lightning hits you!!
You die...

# ##.h .#..# ###
######## ...§. #..
...#...#. .....###
#..##........ #....
..# #.#......⌠⌠⌠
#...###. # #..@#
#.###.## ##..+
#.hh##──###w#∩+
/.#.w─....X...+
......#.....w##.#
...#.##.........h..
...
.─§.###...#.....
....#§..
##.......... .... #
. . ####...#...


You could see a tentacled starspawn, a raiju and 2 starspawn tentacles.

Vanquished Creatures
  A hydra (Lair:1)
  4 death yaks
  An elephant (Lair:1)
  3 cane toads (Lair:1)
  4 komodo dragons (Lair:1)
  A gargoyle (Bailey)
  A hellwing (Abyss:3)
  The ghost of TowerOfEmptiness the Chopper, an amateur MiFi (D:6)
  7 blink frogs (Lair:1)
  17 yaks
  2 wyverns (Lair:1)
  A hog (shapeshifter) (Abyss:3)
  A basilisk (Lair:1)
  6 water moccasins
  A black bear (D:5)
  2 ice beasts
  2 ogres (D:4)
  A centaur (D:8)
  3 kobold brigands
  6 bullfrogs
  A gnoll sergeant (D:5)
  3 scorpions
  2 necrophages
  A jelly (D:6)
  4 killer bees
  7 vampire bats (Bailey)
  5 wolf zombies (Bailey)
  2 hounds (D:4)
  5 orc priests
  Ijyb (D:4)
  4 iguanas
  Natasha (twice) (D:2)
  8 orc wizards
  Robin (D:1)
  10 adders
  7 gnolls
  2 shadow imps
  2 white imps
  2 ufetubi
  3 worms
  26 orcs
  5 endoplasms
  7 giant cockroaches (D:4)
  25 goblins
  12 hobgoblins
  15 jackals
  17 kobolds
  7 quokkas
  3 ball pythons
  5 bats
  2 frilled lizards
  18 orc zombies (Bailey)
  3 rats
282 creatures vanquished.

Vanquished Creatures (collateral kills)
  A goblin (D:4)
  A hobgoblin (D:4)
2 creatures vanquished.

Vanquished Creatures (others)
  9 fungi
  8 plants
  A starspawn tentacle (Abyss:3)
18 creatures vanquished.

Grand Total: 302 creatures vanquished

Notes
Turn   | Place    | Note
-------+----------+-------------------------------------------
     0 | D:1      | Haldmier the Demigod Artificer began the quest for the Orb.
     0 | D:1      | Reached XP level 1. HP: 15/15 MP: 3/3
   132 | D:1      | Reached skill level 1 in Maces & Flails
   427 | D:1      | Reached XP level 2. HP: 21/22 MP: 4/4
   797 | D:1      | Reached skill level 2 in Maces & Flails
  1402 | D:1      | Reached XP level 3. HP: 24/27 MP: 5/5
  1977 | D:2      | Noticed Robin
  2571 | D:2      | Reached skill level 3 in Maces & Flails
  2592 | D:1      | Killed Robin
  3242 | D:2      | Reached XP level 4. HP: 34/34 MP: 6/6
  3750 | D:2      | Noticed Natasha
  3766 | D:2      | Killed Natasha
  3767 | D:2      | Reached skill level 4 in Maces & Flails
  4140 | D:2      | Reached XP level 5. HP: 39/39 MP: 7/7
  4142 | D:2      | Noticed Natasha
  4159 | D:2      | Killed Natasha
  4310 | D:2      | Reached skill level 5 in Maces & Flails
  5873 | D:4      | Reached XP level 6. HP: 37/46 MP: 8/8
  5913 | D:4      | Reached skill level 6 in Maces & Flails
  5941 | D:4      | Noticed Ijyb
  5954 | D:4      | Killed Ijyb
  6194 | D:4      | Found a staircase to the Ecumenical Temple.
  6440 | D:4      | Found a glowing drain.
  6459 | Sewer    | Entered a sewer
  6514 | Sewer    | Noticed a water moccasin
  6518 | Sewer    | Killed a water moccasin
  6657 | D:4      | Reached skill level 7 in Maces & Flails
  6657 | D:4      | Reached XP level 7. HP: 51/51 MP: 9/9
  6937 | Temple   | Entered the Ecumenical Temple
  6937 | Temple   | Found a transporter.
  6937 | Temple   | Found a transporter.
  7139 | Temple   | Found a transporter.
  7139 | Temple   | Found a transporter.
  7226 | D:4      | Found Ugoasani's Weapon Emporium.
  7432 | D:5      | Entered Level 5 of the Dungeon
  7454 | D:4      | Reached skill level 8 in Maces & Flails
  7506 | D:4      | Reached skill level 1 in Fighting
  8465 | D:5      | Reached XP level 8. HP: 42/62 MP: 10/10
  9646 | D:6      | Reached skill level 1 in Dodging
 10288 | D:6      | Found a runed translucent door.
 10319 | D:6      | Paralysed by an orc for 5 turns
 10451 | D:6      | HP: 1/66 [acid (6)]
 10968 | D:6      | Noticed TowerOfEmptiness's ghost (amateur MiFi)
 11069 | D:6      | Found a runed translucent door.
 11107 | D:5      | Reached skill level 9 in Maces & Flails
 11780 | D:7      | Reached XP level 9. HP: 71/71 MP: 11/11
 12609 | D:8      | Learned a level 2 spell: Blink
 12626 | D:8      | Found a flagged portal.
 12645 | Bailey   | Entered a bailey
 13011 | Bailey   | Reached skill level 1 in Translocations
 13016 | Bailey   | Reached skill level 1 in Spellcasting
 13271 | Bailey   | Reached skill level 5 in Armour
 13400 | Bailey   | Noticed a gargoyle
 13418 | Bailey   | Killed a gargoyle
 13439 | Bailey   | Identified the +0 chain mail of the Pink Corner {rN+}
 13977 | D:8      | Reached skill level 5 in Fighting
 14061 | D:8      | Found a staircase to the Lair.
 14061 | D:8      | Noticed a death yak
 14061 | D:8      | Noticed a death yak
 14115 | D:8      | Killed a death yak
 14656 | D:6      | Killed TowerOfEmptiness's ghost
 14789 | D:7      | Killed a death yak
 14790 | D:7      | Reached XP level 10. HP: 82/82 MP: 14/14
 14869 | D:8      | Noticed a death yak
 15026 | Lair:1   | Entered Level 1 of the Lair of Beasts
 15785 | D:8      | Killed a death yak
 15786 | D:8      | Reached skill level 10 in Maces & Flails
 16285 | Lair:1   | Found a runed translucent gate.
 16285 | Lair:1   | Found a runed translucent gate.
 16285 | Lair:1   | Found a runed translucent gate.
 16285 | Lair:1   | Noticed zurenarrh's ghost (novice MiFi)
 16285 | Lair:1   | Noticed a 12-headed hydra
 16330 | Lair:1   | Reached skill level 5 in Dodging
 16451 | Lair:1   | Identified the +3 ring mail of Impermeability {rElec rC+
                  | rCorr Dex+4}
 17192 | Lair:1   | Reached XP level 11. HP: 91/91 MP: 17/17
 17195 | Lair:1   | Noticed a four-headed hydra
 17208 | Lair:1   | Killed a four-headed hydra
 17328 | Lair:1   | Reached skill level 5 in Translocations
 17934 | Lair:2   | Noticed a death yak
 17934 | Lair:2   | Noticed a death yak
 17934 | Lair:2   | Noticed a death yak
 17934 | Lair:2   | Noticed a death yak
 17942 | Lair:2   | Noticed a death yak
 17965 | Lair:1   | Killed a death yak
 18185 | Lair:1   | Reached skill level 11 in Maces & Flails
 18204 | Lair:2   | Found a dark tunnel.
 18210 | Volcano  | Entered a volcano
 18269 | Volcano  | Noticed a wizard
 18276 | Abyss:3  | Cast into level 3 of the Abyss (a wizard)
 18376 | Abyss:3  | Noticed a tentacled starspawn
 18391 | Abyss:3  | Killed from afar by a raiju

Illustrated notes

Levels and vault maps discovered:
D:1:      psy_arrival_radial02, layout_basic, minmay_pentomino_p2
D:2:      layout_basic, dreamdust_ecumenical_altar_grove, uniq_natasha,
          uniq_robin
D:3:      minmay_diamond_boxcup, layout_basic, kennysheep_orc_chapel
D:4:      kennysheep_the_goblin_king, layout_cave_pools,
          minmay_temple_entry_wispy, serial_shops, shop_fountains,
          gup_sewer_entry_pipe
D:5:      kennysheep_big_flooded_room, layout_cave_pools,
          hangedman_decor_opposing
D:6:      layout_gridville, nicolae_ashenzari_skybound, ebering_ghost_sewer_f
D:7:      layout_basic
D:8:      layout_cave_pools, lemuel_coloured_pillars_altar, dpeg_lair_monsters,
          enter_bailey_5, nicolae_zen_rock_garden
Temple:   hellmonk_temple_divided_pantheon
Lair:1:   layout_loops_ring, gammafunk_ghost_hydra_chop
Lair:2:   layout_gridlike, elwin_shoals_entry_stream, serial_forest,
          infiniplex_forest_straight_5, infiniplex_forest_side_room,
          infiniplex_forest_lined_2, infiniplex_forest_lined_room_,
          infiniplex_forest_lined_1, infiniplex_forest_clump_tiny,
          gammafunk_ghost_ooze, nicolae_volcano_entry_hallway,
          infiniplex_staircase_pool, uniq_nergalle
Abyss:3:  base: D:8, grunt_abyss_exit_deep_breaths,
          evilmike_abyss_rune_tso_outpost
Volcano:  volcano_bunker

Skill      XL: |  1  2  3  4  5  6  7  8  9 10 11 |
---------------+----------------------------------+-----
Maces & Flails | 1 2 3 4 5 7 8 9 10 11 | 11.0
Fighting       | 2 4 5 6 7 |  7.7
Armour         | 2 4 5 6 7 |  7.7
Dodging        | 2 4 5 6 |  6.7
Translocations | 3 4 5 |  5.0
Spellcasting   | 1 2 |  2.0
Stealth        | |  0.8
Evocations     | |  2.6

Action                   |  1- 3 |  4- 6 |  7- 9 | 10-12 || total
-------------------------+-------+-------+-------+-------++-------
Melee: Club              |    61 |       |       |       ||    61
       Whip              |   172 |    81 |       |       ||   253
       Flail             |       |   131 |   458 |       ||   589
       Punch             |       |     1 |    10 |     4 ||    15
       Mace              |       |       |    47 |   342 ||   389
Throw: Stone             |    14 |     9 |       |       ||    23
       Dart              |       |    13 |    15 |    11 ||    39
 Cast: Blink             |       |       |     4 |     2 ||     6
Evoke: Wand              |     3 |    20 |     2 |     6 ||    31
  Use: Scroll            |     6 |     4 |     9 |     4 ||    23
       Potion            |     1 |       |     3 |       ||     4
 Stab: Sleeping          |     2 |       |       |       ||     2
       Distracted        |       |     1 |       |       ||     1
       Invisible         |       |       |     3 |       ||     3
Armor: Leather armour    |    70 |    22 |       |       ||    92
       Ring mail         |       |    29 |       |    70 ||    99
       Plate armour      |       |       |    54 |       ||    54
       Scale mail        |       |       |   240 |    86 ||   326
Dodge: Dodged            |   159 |   118 |   242 |   264 ||   783
